AoeStats
← *$up3r [N]0v@*

Fortress

509148442Analyzed
4v4 RM · 5d ago on Sep 25, 2026· 44m 20s· 8 players
Game mode
Random Map
Map size
Huge
Population
200
Speed
Normal
Resources
Standard
Victory
Conquest
Starting age
Dark Age
Ending age
Imperial Age
RankedLock teamsTeams togetherTeam positionsShared explorationLock speedFull tech treeHidden civsTurbo modeCheats
Victory
Defeat
🇨🇳 Persians · China
1120
+13
🇮🇳 Italians · India
1087
+14
🇺🇸 Franks · United States
1065
+15
🇺🇸 Mongols · United States
1001
+18
🇷🇺 Saxons · Russia
1069
-16
🇷🇺 Italians · Russia
1063
-16
🇪🇸 Portuguese · Spain
1057
-15
🇷🇺 Danes · Russia
1005
-13
Sairax
7:38 Feudal Age
7:59 Horse Collar
11:50 Castle Age
10:33 Double-Bit Axe
10:46 Gold Mining
17:56 Silk Road
17:33 Fletching
17:43 Padded Archer Armor
19:39 Bodkin Arrow
20:31 Stone Mining
20:59 Leather Archer Armor
21:48 Heavy Plow
23:42 Loom
25:11 Wheelbarrow
26:29 Ballistics
28:08 Caravan
28:42 Hand Cart
30:24 Thumb Ring
31:59 Bow Saw
35:17 Imperial Age
32:35 Town Watch
34:23 Masonry
37:18 Chemistry
36:20 Bracer
36:50 Ring Archer Armor
35:43 Elite Genoese Crossbowman
36:45 Conscription
John Kalztan
6:57 Loom
8:43 Feudal Age
10:22 Double-Bit Axe
13:11 Castle Age
12:33 Horse Collar
14:59 Bow Saw
16:47 Heavy Plow
20:25 Town Watch
25:13 Wheelbarrow
25:16 Gold Mining
27:20 Stone Mining
28:27 Hand Cart
32:20 Imperial Age
30:29 Caravan
30:53 Town Patrol
31:17 Fortified Wall
32:22 Elite Organ Gun
33:23 Conscription
33:05 Arquebus
34:54 Chemistry
35:12 Two-Man Saw
41:05 Siege Engineers
GRIBYCH59
7:19 Feudal Age
5:35 Loom
8:23 Double-Bit Axe
8:25 Horse Collar
9:41 Wheelbarrow
12:51 Castle Age
12:23 Stone Mining
12:33 Gold Mining
13:58 Squires
14:11 Forging
18:33 Heavy Plow
20:52 Scale Mail Armor
22:03 Iron Casting
22:45 Hamask
24:37 Stone Shaft Mining
25:20 Chain Mail Armor
29:59 Imperial Age
27:45 Hand Cart
31:02 Conscription
30:19 Elite Jomsviking
32:46 Plate Mail Armor
33:37 Chemistry
34:18 Pikeman
34:40 Halberdier
Artem
1:19 Loom
6:34 Feudal Age
8:24 Wheelbarrow
7:43 Double-Bit Axe
7:58 Horse Collar
14:39 Castle Age
13:17 Town Watch
13:29 Stone Mining
13:30 Gold Mining
15:38 Hand Cart
16:04 Bow Saw
16:32 Stone Mining
16:46 Heavy Plow
23:21 Gold Shaft Mining
25:05 Forging
25:26 Scale Mail Armor
25:37 Squires
26:04 Gambesons
26:05 Arson
27:04 Iron Casting
26:45 Chain Mail Armor
27:14 Fletching
28:47 Bodkin Arrow
28:52 Padded Archer Armor
33:02 Imperial Age
30:57 Ballistics
30:35 Murder Holes
31:24 Leather Archer Armor
33:06 Shield Wall
34:19 Plate Mail Armor
34:11 Conscription
33:58 Elite Varangian Guard
37:04 Ring Archer Armor
36:35 Bracer
37:15 Cranequins
38:06 Thumb Ring
40:06 Chemistry
39:09 Cranequins
41:27 Heavy Mounted Crossbowman
Alaresun
5:22 Loom
5:43 Loom
9:50 Feudal Age
8:08 Loom
9:54 Feudal Age
11:13 Double-Bit Axe
11:25 Gold Mining
11:26 Stone Mining
15:02 Castle Age
13:47 Forging
15:05 Scale Barding Armor
16:05 Husbandry
17:08 Chain Barding Armor
18:04 Bow Saw
18:53 Iron Casting
21:28 Wheelbarrow
23:28 Hand Cart
23:33 Caravan
25:41 Town Watch
26:42 Gold Shaft Mining
25:58 Fletching
29:56 Imperial Age
27:46 Murder Holes
27:56 Bodkin Arrow
29:58 Cavalier
31:04 Conscription
31:21 Plate Barding Armor
32:16 Blast Furnace
32:44 Chivalry
33:23 Paladin
34:00 Treadmill Crane
34:41 Ballistics
36:01 Scale Mail Armor
37:03 Chemistry
36:14 Masonry
36:07 Squires
35:52 Arson
38:46 Chain Mail Armor
38:38 Siege Engineers
39:04 Architecture
38:38 Pikeman
39:31 Fortified Wall
39:23 Padded Archer Armor
43:59 Coinage
tommy bobbins
6:56 Feudal Age
8:04 Loom
11:31 Castle Age
9:43 Double-Bit Axe
10:16 Horse Collar
10:35 Gold Mining
11:43 Wheelbarrow
11:14 Fletching
11:49 Stone Mining
12:50 Bodkin Arrow
20:37 Wheelbarrow
23:35 Bow Saw
24:39 Ballistics
25:40 Murder Holes
30:48 Imperial Age
30:29 Heavy Plow
31:09 Gold Shaft Mining
32:06 Hand Cart
32:25 Conscription
33:14 Siege Engineers
33:30 Bracer
33:30 Padded Archer Armor
33:54 Bloodlines
34:16 Husbandry
36:01 Thumb Ring
36:21 Parthian Tactics
36:15 Leather Archer Armor
38:06 Chemistry
37:03 Elite Mangudai
38:41 Drill
39:05 Onager
41:01 Siege Onager
*$up3r [N]0v@*
6:19 Feudal Age
7:37 Loom
10:16 Castle Age
8:59 Double-Bit Axe
9:05 Horse Collar
13:18 Bow Saw
14:48 Heavy Plow
20:02 Caravan
22:24 Fletching
24:33 Bodkin Arrow
24:38 Padded Archer Armor
25:55 Ballistics
25:21 Treadmill Crane
26:10 Leather Archer Armor
26:17 Ballistics
26:01 Gold Mining
27:30 Silk Road
32:10 Imperial Age
35:00 Imperial Age
34:24 Masonry
34:09 Murder Holes
35:44 Bracer
36:15 Ring Archer Armor
36:47 Chemistry
36:14 Conscription
36:35 Elite Genoese Crossbowman
41:02 Guilds
45:23 Hoardings
TheLastOne
7:06 Feudal Age
10:53 Castle Age
8:59 Double-Bit Axe
12:32 Bow Saw
17:49 Loom
18:42 Wheelbarrow
20:13 Horse Collar
24:58 Imperial Age
22:44 Hand Cart
22:14 Town Watch
22:42 Gold Mining
22:45 Stone Mining
23:29 Heavy Plow
24:21 Scale Barding Armor
24:20 Husbandry
25:11 Forging
25:43 Stone Shaft Mining
25:19 Caravan
25:56 Conscription
26:04 Elite War Elephant
27:22 Chain Barding Armor
27:15 Bloodlines
28:41 Two-Man Saw
28:39 Plate Barding Armor
29:13 Crop Rotation
30:40 Iron Casting
31:53 Capped Ram
34:03 Blast Furnace
32:54 Fletching
34:08 Chemistry
33:29 Ballistics
33:05 Murder Holes
33:29 Siege Ram
37:08 Coinage
36:50 Guilds
37:02 Town Patrol
36:59 Bodkin Arrow
37:22 Citadels
37:48 Hoardings
42:51 Cavalier
Connection lost

Rejoining the realm…

Still unreachable

The connection could not be restored.

Session expired

The server has moved on; the page needs a fresh start.